 Dungeon Crawl Stone Soup version 0.25-a0-578-gc91f01c39c (webtiles) character file.

Game seed: 13085200827388820899, levelgen mode: deterministic

50938 Flugslaktarn the Cleaver (level 14, -4/133 HPs)
             Began as a Deep Dwarf Fighter on Mar 7, 2020.
             Was the Champion of Makhleb.
             Killed from afar by a nagaraja (23 damage)
             ... with a poison arrow
             ... on level 1 of the Snake Pit.
             The game lasted 00:10:01 (12864 turns).

Flugslaktarn the Cleaver (Deep Dwarf Fighter)      Turns: 12864, Time: 00:10:02

Health: -4/133     AC: 28    Str: 30    XL:     14   Next: 21%
Magic:  11/11      EV:  6    Int:  3    God:    Makhleb [******]
Gold:   997        SH: 16    Dex: 15    Spells: 13/13 levels left

rFire    + . .     SeeInvis .   a - +3 war axe (vorpal)
rCold    . . .     Gourm    .   k - +2 kite shield
rNeg     + . .     Faith    +   F - +0 plate armour
rPois    .         Spirit   .   f - +1 helmet
rElec    +         Reflect  .   C - +2 cloak
rCorr    .         Harm     .   S - +2 pair of gloves
MR       ++...                  u - +2 pair of boots
Stlth    ..........             E - amulet of faith
HPRegen  0.00/turn              z - ring "Epneaton" {rElec rF+ Str+4 Int-5 Dex+3}
MPRegen  0.12/turn              v - +2 ring of evasion

@: lethally poisoned (-4 -> -4), non-regenerating, constricted
A: damage resistance, heal wounds, negative energy resistance 1, sense
surroundings 2, no regeneration
a: Heal Wounds, Minor Destruction, Lesser Servant of Makhleb, Major Destruction,
Greater Servant of Makhleb, Renounce Religion


You were on level 1 of the Snake Pit.
You worshipped Makhleb.
Makhleb was exalted by your worship.
You were not hungry.

You visited 4 branches of the dungeon, and saw 18 of its levels.

You collected 997 gold pieces.

Inventory:

Hand Weapons
 a - a +3 vorpal war axe (weapon)
 r - the +12 Vampire's Tooth {vamp}
   (You acquired it on level 5 of the Lair of Beasts)

   It inflicts no extra harm, but heals its wielder when it wounds a living foe.
 A - a +5 hand axe
   (You took it off a wight on level 7 of the Dungeon)
 B - a +2 vampiric hand axe
   (You took it off an orc warrior on level 7 of the Dungeon)
Missiles
 P - 2 throwing nets (quivered)
Armour
 f - a +1 helmet (worn)
   (You found it on level 2 of the Dungeon)
 k - a +2 kite shield (worn)
   (You found it on level 4 of the Dungeon)
 u - a +2 pair of boots (worn)
   (You found it on level 5 of the Dungeon)
 C - a +2 cloak (worn)
   (You found it on level 7 of the Dungeon)
 F - a +0 plate armour (worn)
   (You took it off an orc warrior on level 8 of the Dungeon)
 S - a +2 pair of gloves (worn)
   (You found it on level 5 of the Lair of Beasts)
 U - +0 fire dragon scales
   (You found it on level 6 of the Lair of Beasts)
Jewellery
 c - an uncursed ring of protection from cold
   (You found it on level 7 of the Dungeon)
 i - an uncursed ring of see invisible
   (You found it on level 4 of the Dungeon)
 l - an uncursed ring of positive energy
   (You found it on level 6 of the Dungeon)
 v - a +2 ring of evasion (right hand)
   (You found it on level 2 of the Dungeon)
 z - the ring "Epneaton" (left hand) {rElec rF+ Str+4 Int-5 Dex+3}
   (You found it on level 1 of the Lair of Beasts)

   [ring of protection from fire]

   It affects your strength (+4).
   It affects your intelligence (-5).
   It affects your dexterity (+3).
   It protects you from fire.
   It insulates you from electricity.
 E - an amulet of faith (around neck)
   (You found it on level 4 of the Dungeon)
 G - an uncursed ring of protection from cold
   (You found it on level 9 of the Dungeon)
Wands
 j - a wand of clouds (6)
   (You found it on level 8 of the Dungeon)
 y - a wand of acid (8)
   (You found it on level 6 of the Dungeon)
 D - a wand of paralysis (19)
   (You took it off Pikel on level 7 of the Dungeon)
 I - a wand of iceblast (9)
   (You found it on level 4 of the Lair of Beasts)
Scrolls
 g - 2 scrolls of vulnerability
 t - 7 scrolls of teleportation
 x - 8 scrolls of remove curse
 J - a scroll of fog
 O - 3 scrolls of fear
 Q - 3 scrolls of magic mapping
Potions
 b - 3 potions of cancellation
 d - 3 potions of might
 h - 4 potions of ambrosia
 m - 3 potions of stabbing
 n - 4 potions of resistance
 o - 2 potions of magic
 p - a potion of mutation
 q - a potion of curing
 s - 3 potions of berserk rage
 w - 2 potions of heal wounds
 K - 2 potions of lignification
 L - 2 potions of brilliance
 M - 7 potions of flight
 R - a potion of invisibility {unknown}
Comestibles
 e - 39 rations


   Skills:
 + Level 10.5 Fighting
 - Level 2.5 Short Blades
 - Level 14.7 Axes
 + Level 12.2 Armour
 + Level 12.2 Shields
 + Level 11.5 Invocations


You had 13 spell levels left.
You didn't know any spells.
Your spell library was empty.

Dungeon Overview and Level Annotations

Branches:
Dungeon (10/15)            Temple (1/1) D:6            Lair (6/6) D:10
  Swamp (0/4) Lair:3        Snake (1/4) Lair:3        Slime (0/5) Lair:5
    Orc: D:9-12

Altars:
Ashenzari
Cheibriados
Dithmenos
Elyvilon
Fedhas
Gozag
Kikubaaqudgha
Makhleb
Nemelex Xobeh
Okawaru
Qazlal
Ru
Sif Muna
Trog
Uskayaw
Vehumet
Wu Jian
Xom
Yredelemnul
Zin

Shops:
D:5 }   Snake:1 =

Annotations:
Lair:5 exclusion: 2 oklob plants
Lair:6 exclusion: oklob plant


Innate Abilities, Weirdness & Mutations

You are resistant to damage.
You can heal yourself by infusing magical energy.
You resist negative energy. (rN+)
You passively map the area around you.
You do not regenerate.


Message History

The nagaraja constricts you.
You feel better. The nagaraja completely misses you.
The nagaraja constricts you.
You closely miss the nagaraja.
The nagaraja is severely wounded.
The nagaraja hits you but does no damage.
The nagaraja constricts you.
You are too injured to fight recklessly!
You are too injured to fight recklessly!
You completely miss the nagaraja.
The nagaraja is severely wounded.
The nagaraja hits you but does no damage.
The nagaraja constricts you.
You slash the nagaraja!
The nagaraja is almost dead.
You block the nagaraja's attack. The nagaraja constricts you.
The nagaraja casts a spell at you. The poison arrow hits you!!
You are poisoned.
You die...

#...##.#..?.###.
* , ,
#..........#.. ,,
,##...........# ,
, .#..).....##.##
, #.......##...#
* , , ,
,#.###.#.$##..#
,, * #,
#.....#..# . , ,,
, * ,
#.∩.#..####....,
,,
#.......N@.......
,,,
########..).....#
, * ##.....###
##....# , , , ,
....# * , ,*
....# , , * *
..... *,* *
.....#* ,, , , ,
*


You could see a nagaraja.

Vanquished Creatures
  A fire dragon (Lair:6)
  A hydra (Lair:6)
  An anaconda (Snake:1)
  A two-headed ogre (D:9)
  3 death yaks (Lair:4)
  A centaur warrior (D:10)
  2 lindwurms
  Pikel (D:7)
  A salamander (Snake:1)
  Psyche (D:10)
  A cyclops (D:10)
  2 molten gargoyles (Lair:6)
  Maurice (D:8)
  5 elephants (Lair:6)
  7 black mambas
  12 spiny frogs
  7 rime drakes
  11 komodo dragons
  3 meliai (Lair:4)
  A queen bee (Lair:4)
  2 polar bears
  Grinder (D:6)
  A hornet (D:10)
  Prince Ribbit (D:6)
  12 blink frogs
  7 dream sheep (Lair:6)
  13 hippogriffs
  9 wyverns
  35 yaks
  6 basilisks
  3 steam dragons (Lair:6)
  2 vampire mosquitoes (D:10)
  Menkaure (D:6)
  2 nagas (Snake:1)
  Duvessa (D:6)
  15 water moccasins
  4 hell hounds (Lair:6)
  8 porcupines
  2 ice beasts (D:7)
  3 sky beasts
  2 orc warriors
  4 slaves (D:7)
  4 black bears
  An eye of draining (D:10)
  6 ogres
  3 phantoms
  4 boggarts (Lair:5)
  A necrophage (D:9)
  9 wolves
  6 centaurs
  22 crocodiles
  15 bullfrogs
  A gnoll sergeant (D:10)
  Dowan (D:6)
  5 scorpions
  45 killer bees
  5 electric eels
  5 wights (D:7)
  7 howler monkeys
  A centaur zombie (D:5)
  2 bullfrog zombies
  5 crimson imps
  3 lava snakes (Lair:6)
  A quasit (D:10)
  6 orc priests
  3 bullfrog skeletons
  6 hounds
  A jelly (D:8)
  A gnoll shaman (D:9)
  10 orc wizards
  5 iguanas
  A hell rat (Lair:4)
  12 worker ants
  A killer bee zombie (D:5)
  2 hound zombies
  3 hound skeletons
  3 worker ant zombies
  9 adders
  15 gnolls
  2 shadow imps (D:6)
  A worm (D:2)
  3 leopard geckos (D:3)
  35 orcs
  6 bats
  3 giant cockroaches
  10 jackals
  A kobold (D:3)
  5 quokkas
  5 frilled lizards
  6 goblins
  A leopard gecko skeleton (D:6)
  A leopard gecko zombie (D:8)
  2 quokka skeletons
  A quokka zombie (D:7)
  6 rats
  6 plants
521 creatures vanquished.

Vanquished Creatures (collateral kills)
  2 hydras
  2 blink frogs (Lair:5)
  A crocodile (Lair:5)
5 creatures vanquished.

Vanquished Creatures (others)
  An orc wizard (D:8)
  A bush (Lair:4)
  23 fungi
  10 plants
35 creatures vanquished.

Grand Total: 561 creatures vanquished

Notes
Turn   | Place    | Note
-------+----------+-------------------------------------------
     0 | D:1      | Flugslaktarn the Deep Dwarf Fighter began the quest for the
                  | Orb.
     0 | D:1      | Reached XP level 1. HP: 20/20 MP: 1/1
   314 | D:2      | Reached XP level 2. HP: 25/27 MP: 1/1
   417 | D:3      | Found a shadowy altar of Dithmenos.
   417 | D:3      | Found a shimmering blue altar of Sif Muna.
   452 | D:3      | Reached XP level 3. HP: 26/33 MP: 2/2
   458 | D:3      | Reached skill level 3 in Axes
   593 | D:3      | Reached XP level 4. HP: 25/42 MP: 3/3
   842 | D:4      | Found a snail-covered altar of Cheibriados.
   866 | D:4      | Reached skill level 4 in Axes
   866 | D:4      | Reached XP level 5. HP: 26/49 MP: 4/4
   907 | D:4      | Found an ornate altar of the Wu Jian Council.
   934 | D:4      | Noticed a centaur
   945 | D:4      | Killed a centaur
   945 | D:4      | Reached XP level 6. HP: 23/57 MP: 5/5
   956 | D:4      | Reached skill level 5 in Axes
  1122 | D:4      | Reached XP level 7. HP: 30/64 MP: 6/6
  1409 | D:5      | Entered Level 5 of the Dungeon
  1409 | D:5      | Found Zoluxku's Gadget Boutique.
  1446 | D:5      | Reached skill level 5 in Shields
  1472 | D:5      | Reached skill level 5 in Armour
  1566 | D:5      | Reached skill level 6 in Axes
  1619 | D:5      | Reached XP level 8. HP: 44/73 MP: 5/5
  1633 | D:5      | Reached skill level 7 in Axes
  1987 | D:6      | Reached skill level 5 in Fighting
  2057 | D:6      | Noticed Prince Ribbit
  2085 | D:6      | Killed Prince Ribbit
  2145 | D:6      | Reached skill level 8 in Axes
  2162 | D:6      | Found a staircase to the Ecumenical Temple.
  2203 | D:6      | Noticed Grinder
  2218 | D:6      | Killed Grinder
  2245 | Temple   | Entered the Ecumenical Temple
  2578 | D:6      | Noticed Duvessa
  2579 | D:6      | Noticed Dowan
  2589 | D:6      | Gained mutation: You passively map the area around you.
                  | [Deep Dwarf growth]
  2589 | D:6      | Reached XP level 9. HP: 57/81 MP: 6/6
  2602 | D:6      | Killed Duvessa
  2602 | D:6      | Killed Dowan
  2730 | D:6      | Noticed Menkaure
  2741 | D:6      | Killed Menkaure
  2963 | D:7      | Reached skill level 9 in Axes
  3255 | D:7      | Noticed Pikel
  3294 | D:7      | Killed Pikel
  3294 | D:7      | Reached skill level 10 in Axes
  3436 | D:7      | Found a burning altar of Makhleb.
  3448 | D:7      | Reached XP level 10. HP: 88/92 MP: 5/5
  3449 | D:7      | Found a shimmering altar of Xom.
  3612 | D:7      | Became a worshipper of Makhleb the Destroyer
  3802 | D:8      | Reached skill level 1 in Invocations
  3862 | D:8      | Reached * piety under Makhleb
  4070 | D:8      | Noticed Maurice
  4099 | D:8      | Killed Maurice
  4794 | D:9      | Noticed a two-headed ogre
  4815 | D:9      | Reached ** piety under Makhleb
  4820 | D:9      | Killed a two-headed ogre
  4820 | D:9      | Reached skill level 11 in Axes
  5051 | D:9      | Found a white marble altar of Elyvilon.
  5300 | D:9      | Found a blossoming altar of Fedhas.
  5351 | D:10     | Entered Level 10 of the Dungeon
  5351 | D:10     | Noticed Psyche
  5367 | D:10     | Killed Psyche
  5401 | D:10     | Reached XP level 11. HP: 100/100 MP: 9/9
  5425 | D:10     | Noticed a centaur warrior
  5450 | D:10     | Killed a centaur warrior
  5557 | D:10     | Reached *** piety under Makhleb
  5557 | D:10     | Reached skill level 5 in Invocations
  5689 | D:10     | Reached skill level 12 in Axes
  5785 | D:10     | Found a staircase to the Lair.
  5910 | D:10     | Reached **** piety under Makhleb
  6514 | Lair:1   | Entered Level 1 of the Lair of Beasts
  6651 | Lair:1   | Got a bound glass ring
  7635 | Lair:2   | Identified the ring "Epneaton" {rElec rF+ Str+4 Int-5
                  | Dex+3} (You found it on level 1 of the Lair of Beasts)
  7674 | Lair:2   | Reached XP level 12. HP: 82/112 MP: 11/11
  7692 | Lair:2   | Reached skill level 13 in Axes
  7768 | Lair:2   | Reached ***** piety under Makhleb
  8072 | Lair:3   | Found a staircase to the Swamp.
  8083 | Lair:3   | Reached skill level 10 in Shields
  8166 | Lair:3   | Reached skill level 10 in Armour
  8450 | Lair:3   | Found a staircase to the Snake Pit.
  9080 | Lair:4   | Noticed a five-headed hydra
  9102 | Lair:4   | Killed a 12-headed hydra
  9557 | Lair:4   | Reached skill level 14 in Axes
  9844 | Lair:4   | Noticed a death yak
  9845 | Lair:4   | Noticed a death yak
  9845 | Lair:4   | Noticed a death yak
  9871 | Lair:4   | Killed a death yak
  9871 | Lair:4   | Reached XP level 13. HP: 87/121 MP: 13/13
 10439 | Lair:5   | Reached ****** piety under Makhleb
 10704 | Lair:5   | Identified a scroll of acquirement
 10704 | Lair:5   | Identified the amulet of Ucraikkinar {Reflect +Inv SH+6}
                  | (You acquired it on level 5 of the Lair of Beasts)
 10705 | Lair:5   | Found the +12 Vampire's Tooth {vamp}
 10707 | Lair:5   | Found a staircase to the Slime Pits.
 11134 | Lair:6   | Entered Level 6 of the Lair of Beasts
 11237 | Lair:6   | Reached skill level 1 in Short Blades
 11248 | Lair:6   | Reached skill level 10 in Invocations
 11639 | Lair:6   | Reached skill level 10 in Fighting
 12079 | Lair:6   | Gained mutation: You resist negative energy. (rN+) [Deep
                  | Dwarf growth]
 12079 | Lair:6   | Reached XP level 14. HP: 126/132 MP: 14/14
 12200 | Lair:6   | Found a large runed translucent door.
 12316 | Lair:6   | Found a large runed translucent door.
 12794 | Snake:1  | Entered Level 1 of the Snake Pit
 12820 | Snake:1  | Found Heimnepp's Jewellery Shoppe.
 12829 | Snake:1  | Noticed a nagaraja
 12864 | Snake:1  | Killed from afar by a nagaraja

Levels and vault maps discovered:
D:1:      dpeg_arrival_simpleton_b, layout_basic, serial_bayou_pond_e
D:2:      layout_basic, lemuel_doored_altar
D:3:      layout_loops_cross, nicolae_overflow_hidden_temple,
          gammafunk_ghost_necromancy
D:4:      layout_cave_pools, grunt_temple_overflow_open
D:5:      layout_cave_pools, serial_shops, shop_fountains, first_ration
D:6:      layout_basic, minmay_temple_entry_arrows, st_stairs_13, uniq_menkaure,
          uniq_duvessa, uniq_prince_ribbit1, uniq_grinder
D:7:      minmay_skewed_foursquare, layout_basic,
          grunt_temple_overflow_champion_of_chaos, uniq_pikel
D:8:      layout_basic, uniq_maurice
D:9:      layout_gridville, overflow_temple_1_default, kennysheep_mini,
          kennysheep_generic_room_8
D:10:     layout_gridville, due_lair_maze_entry_diamond, grunt_ogre_cave,
          kennysheep_windowed_goal, uniq_psyche
Temple:   hc_temple_tempest_star
Lair:1:   layout_gridlike, serial_bayou, serial_bayou_pond_c,
          serial_bayou_lagoon_a, serial_bayou_lake_a, serial_bayou_pond_b
Lair:2:   layout_long_grid
Lair:3:   layout_cave_pods, swamp_mist_pool, dummy_snake_entry
Lair:4:   regret_index_bee_streams, layout_long_grid
Lair:5:   layout_loops_ring, slime_dummy, kilobyte_rumbling_trees,
          grunt_megastairs_2, minmay_lair_oklob_chamber
Lair:6:   cheibrodos_lair_end_hotspot, layout_regular_city, st_stairs_10,
          minmay_lair_oklob_bushes
Snake:1:  layout_layer_cave, serial_shops, nicolae_shop_stone, shop,
          serial_bayou_shore_a

Skill      XL: |  1  2  3  4  5  6  7  8  9 10 11 12 13 14 |
---------------+-------------------------------------------+-----
Axes           | 3 4 5 6 8 10 11 12 14 | 14.7
Fighting       | 3 4 5 6 7 8 9 10 | 10.5
Shields        | 4 5 6 7 8 9 10 11 12 | 12.2
Armour         | 4 5 6 7 8 9 10 11 12 | 12.2
Invocations    | 4 7 9 11 | 11.5
Short Blades   | 2 |  2.5

Action                   |  1- 3 |  4- 6 |  7- 9 | 10-12 | 13-15 || total
-------------------------+-------+-------+-------+-------+-------++-------
Melee: War axe           |   107 |   137 |   279 |    22 |    43 ||   588
       Hand axe          |       |       |   115 |  1308 |   537 ||  1960
       Quick blade       |       |       |       |       |   173 ||   173
Invok: Lesser Servant of |       |       |       |     2 |     4 ||     6
 Abil: Heal Wounds       |     2 |     5 |    16 |     5 |    17 ||    45
Evoke: Wand              |       |       |       |       |     1 ||     1
  Use: Scroll            |       |       |     6 |    22 |    10 ||    38
       Potion            |       |       |       |       |     2 ||     2
 Stab: Distracted        |       |       |       |     1 |       ||     1
  Eat: Chunk             |       |     1 |     9 |    18 |    11 ||    39
       Ration            |       |       |       |     1 |       ||     1
Armor: Scale mail        |    55 |    65 |       |       |       ||   120
       Chain mail        |       |       |   172 |    67 |       ||   239
       Plate armour      |       |       |       |   556 |   434 ||   990
Dodge: Dodged            |    42 |    50 |   112 |   348 |   249 ||   801
Block: Kite shield       |    79 |    96 |   284 |   943 |   627 ||  2029

Table legend:
 A = Non-vault XP
 B = Vault XP
 C = Vault XP percentage of total XP
 D = Non-vault monster count
 E = Vault monster count
 F = Vault count percentage of total count
                 A         B        C        D         E       F
            +---------+---------+-------+---------+---------+-------
      Total |   49487 |   23282 |  32.0 |     396 |     121 |  23.4
            +---------+---------+-------+---------+---------+-------
        D:1 |       3 |       0 |   0.0 |       2 |       0 |   0.0
        D:2 |      11 |       0 |   0.0 |       6 |       0 |   0.0
        D:3 |     129 |       0 |   0.0 |      30 |       0 |   0.0
        D:4 |     610 |       0 |   0.0 |      25 |       0 |   0.0
        D:5 |     963 |       0 |   0.0 |      28 |       0 |   0.0
        D:6 |     755 |     986 |  56.6 |      17 |       6 |  26.1
        D:7 |    1477 |     828 |  35.9 |      33 |       4 |  10.8
        D:8 |    1641 |     445 |  21.3 |      36 |       1 |   2.7
        D:9 |    2432 |      54 |   2.2 |      22 |       1 |   4.3
       D:10 |    4338 |    1924 |  30.7 |      45 |      14 |  23.7
     Lair:1 |    2746 |     115 |   4.0 |      18 |       1 |   5.3
     Lair:2 |    3879 |       0 |   0.0 |      19 |       0 |   0.0
     Lair:3 |    1652 |       0 |   0.0 |       9 |       0 |   0.0
     Lair:4 |    8788 |    7355 |  45.6 |      30 |      51 |  63.0
     Lair:5 |    3192 |    2436 |  43.3 |      16 |      13 |  44.8
     Lair:6 |   14619 |    9139 |  38.5 |      55 |      30 |  35.3
    Snake:1 |    2252 |       0 |   0.0 |       5 |       0 |   0.0
            +---------+---------+-------+---------+---------+-------
